 Dungeon Crawl Stone Soup version 0.25-a0-934-g041635d5d1 (console) character file.

Game seed: 14101155596160865085, levelgen mode: deterministic

214 Gorlak the Magician (level 6, 0/41 HPs)
             Began as a Human Conjurer on May 4, 2020.
             Slain by a river rat (8 damage)
             ... in a sewer.
             The game lasted 00:17:17 (2513 turns).

Gorlak the Magician (Human Conjurer)                Turns: 2513, Time: 00:17:17

Health: 0/41       AC:  3    Str: 10    XL:     6   Next: 15%
Magic:  0/14       EV: 12    Int: 15    God:
Gold:   136        SH:  0    Dex: 14    Spells: 13/16 levels left

rFire    + . .     SeeInvis .   e - +0 short sword
rCold    + . .     Gourm    .   (no shield)
rNeg     . . .     Faith    .   q - +0 leather armour
rPois    .         Spirit   .   (no helmet)
rElec    .         Reflect  .   g - scarf {rC+ rF+}
rCorr    .         Harm     .   (no gloves)
MR       .....                  (no boots)
Stlth    ++........             (no amulet)
HPRegen  0.13/turn              (no ring)
MPRegen  0.14/turn              (no ring)

@: no status effects
A: no striking features
a: no special abilities


You were in a sewer.
You were hungry.

You visited 1 branch of the dungeon, and saw 3 of its levels.
You also visited: Sewer.

You collected 136 gold pieces.

Inventory:

Hand Weapons
 e - a +0 short sword (weapon)
 i - a +0 short sword
 n - a +1 hunting sling of flaming
 s - a +0 hand axe
 u - a +0 halberd
 v - a +0 great mace
Missiles
 j - 95 stones (quivered)
 r - 45 bolts
Armour
 a - a +0 robe
 g - a scarf of resistance (worn)
 q - a +0 leather armour (worn)
 x - a +0 chain mail
Scrolls
 d - 5 scrolls of identify {unknown}
 f - 2 scrolls of teleportation {unknown}
 h - 6 scrolls of remove curse {unknown}
 k - a scroll of blinking {unknown}
Potions
 b - a potion of might {unknown}
 l - 2 potions of curing {unknown}
 m - 3 potions of brilliance {unknown}
 o - a potion of haste {unknown}
 t - a potion of flight {unknown}
 w - 2 potions of heal wounds {unknown}
Comestibles
 c - 5 rations
 p - 13 chunks of flesh


   Skills:
 - Level 2.0 Dodging
 - Level 2.0 Stealth
 + Level 5.5 Spellcasting
 - Level 4.0 Conjurations


You had 13 spell levels left.
You knew the following spells:

 Your Spells              Type           Power        Failure   Level  Hunger
a - Magic Dart            Conj           ###.         4%          1    None
b - Searing Ray           Conj           ###...       6%          2    #......

Your spell library contained the following spells:

 Spells                   Type           Power        Failure   Level  Hunger
 Dazzling Flash           Conj/Hex       ##....       28%         3    ###....
 Blink                    Tloc           N/A          32%         2    #......
 Shroud of Golubria       Chrm/Tloc      #.....       32%         2    #......
 Gell's Gravitas          Tloc           #.........   54%         3    ###....
 Lesser Beckoning         Tloc           #.........   54%         3    ###....
 Teleport Other           Tloc           #.......     54%         3    ###....
 Fulminant Prism          Conj/Hex       ##........   67%         4    ####...
 Iskenderun's Mystic Bla  Conj/Tloc      ##......     67%         4    ####...
 Passage of Golubria      Tloc           N/A          91%         4    ####...


Dungeon Overview and Level Annotations

Branches:
Dungeon (3/15)              Sewer (1/1)

Altars:


Message History

a rat skeleton x2; a ball python skeleton
Casting: Searing Ray (safe; 6% risk of failure)
Confirm with . or Enter, or press ? or * to list all spells.
Aiming: Searing Ray (safe; 6% risk of failure)
Press: ? - help, Shift-Dir - straight line, f - river rat
Aim: a river rat The searing ray hits the ball python!
You kill the ball python!
The searing ray misses the river rat. (Press . to maintain the ray.)
The searing ray hits the rat!
You kill the rat!
The searing ray hits the river rat.
The river rat is moderately wounded.
The searing ray hits the river rat.
The river rat is severely wounded.
The river rat bites you!
* * * LOW HITPOINT WARNING * * *
The searing ray misses the river rat.
You finish channeling your searing ray.
The river rat bites you!
You die...

≈≈≈≈≈≈≈≈≈≈≈≈≈≈≈≈≈≈≈≈≈≈≈≈≈≈≈≈≈≈≈≈≈
≈≈≈≈≈≈≈≈≈≈≈≈≈≈≈≈≈≈≈≈≈≈≈≈≈≈≈≈≈≈≈≈≈
≈≈≈≈≈≈≈≈≈≈≈≈.≈≈≈...≈≈≈≈≈≈≈≈≈≈≈≈≈≈
≈≈≈≈≈≈≈≈≈≈≈≈........≈≈≈≈≈≈≈≈≈≈≈≈≈
≈≈≈≈≈≈.≈≈≈≈.÷.......≈.≈.≈.≈.≈.≈≈≈
..≈...≈.....÷..÷.............≈≈≈.
............÷..÷÷........÷.......
...............†.......##........
..(..........##.......#####......
..###......#####r.##...######...#
### ##...######.@#####..∩# #####
##### #∩..## ##### #####


You could see a river rat.

Vanquished Creatures
  A hound (D:3)
  4 gnolls (D:3)
  4 adders
  2 river rats (Sewer)
  2 oozes
  A worm (D:3)
  A dart slug (D:3)
  5 leopard geckos
  A giant cockroach (D:3)
  5 hobgoblins
  2 jackals (D:3)
  A quokka (D:2)
  5 ball pythons
  9 bats
  2 frilled lizards (D:1)
  3 goblins
  18 kobolds
  22 rats
88 creatures vanquished.

Notes
Turn   | Place    | Note
-------+----------+-------------------------------------------
     0 | D:1      | Gorlak the Human Conjurer began the quest for the Orb.
     0 | D:1      | Reached XP level 1. HP: 13/13 MP: 3/3
   172 | D:1      | Reached XP level 2. HP: 14/19 MP: 3/5
   214 | D:1      | Learned a level 2 spell: Searing Ray
   315 | D:1      | Reached skill level 3 in Spellcasting
   387 | D:1      | Reached XP level 3. HP: 18/24 MP: 1/7
  1417 | D:2      | Reached XP level 4. HP: 30/30 MP: 5/9
  1477 | D:2      | Reached skill level 4 in Spellcasting
  1819 | D:3      | Reached XP level 5. HP: 21/35 MP: 6/11
  1928 | D:3      | Reached skill level 5 in Spellcasting
  2042 | D:3      | Found a glowing drain.
  2064 | Sewer    | Entered a sewer
  2432 | Sewer    | Reached XP level 6. HP: 39/41 MP: 11/14
  2513 | Sewer    | Slain by a river rat

Levels and vault maps discovered:
D:1:      minmay_arrival_four_loops, layout_loops_corners, nrook_loot_triangle,
          minmay_bisected
D:2:      layout_rooms, minmay_pentomino_r4
D:3:      layout_rooms, serial_corexii_hall, corexii_hall_statues_i,
          corexii_hall_statues_s, corexii_hall_statues_x,
          chequers_hall_statues_wall_a, cheibrodos_sewer_entry_drain,
          chequers_mini_garden
Sewer:    sewer_minmay_treatment

Skill      XL: |  1  2  3  4  5 |
---------------+----------------+-----
Spellcasting   | 3 4 5 |  5.5
Dodging        | |  2.0
Stealth        | |  2.0
Conjurations   | |  4.0

Action                   |  1- 3 |  4- 6 || total
-------------------------+-------+-------++-------
Melee: Short sword       |    40 |    36 ||    76
 Cast: Magic Dart        |    38 |    29 ||    67
       Searing Ray       |     4 |    19 ||    23
 Stab: Sleeping          |     4 |       ||     4
  Eat: Chunk             |     2 |     3 ||     5
Armor: Robe              |     6 |       ||     6
       Leather armour    |       |    13 ||    13
Dodge: Dodged            |    35 |    61 ||    96

Table legend:
 A = Non-vault XP
 B = Vault XP
 C = Vault XP percentage of total XP
 D = Non-vault monster count
 E = Vault monster count
 F = Vault count percentage of total count
                 A         B        C        D         E       F
            +---------+---------+-------+---------+---------+-------
      Total |     200 |     107 |  34.9 |      49 |      39 |  44.3
            +---------+---------+-------+---------+---------+-------
        D:1 |      38 |       5 |  11.6 |      22 |       4 |  15.4
        D:2 |      30 |      27 |  47.4 |      10 |       2 |  16.7
        D:3 |     132 |       7 |   5.0 |      17 |       2 |  10.5
      Sewer |       0 |      68 | 100.0 |       0 |      31 | 100.0
            +---------+---------+-------+---------+---------+-------
